 Dungeon Crawl Stone Soup version 0.25.1-2-g60ff931df9 (webtiles) character file.

Game seed: 13248447401121157009

287 Bvern the Gusty (level 6, -2/38 HPs)
             Began as an Octopode Air Elementalist on Sept 19, 2020.
             Was an Initiate of Elyvilon.
             Shot with an arrow by a centaur (3 damage)
             ... on level 4 of the Dungeon.
             The game lasted 00:27:15 (4050 turns).

Bvern the Gusty (Octopode Air Elementalist)         Turns: 4050, Time: 00:27:16

Health: -2/38      AC:  1    Str:  8    XL:     6   Next: 30%
Magic:  2/10       EV: 14    Int: 19    God:    Elyvilon [......]
Gold:   186        SH:  0    Dex: 12    Spells: 3/11 levels left

rFire    . . .     SeeInvis .     - Unarmed
rCold    . . .     Gourm    .   (no shield)
rNeg     . . .     Faith    .   (helmet restricted)
rPois    .         Spirit   .   (no amulet)
rElec    .         Reflect  .   q - ring of wizardry
rCorr    .         Harm     .   t - ring of flight
MR       .....                  (no ring)
Stlth    +++.......             (no ring)
HPRegen  0.12/turn              (no ring)
MPRegen  0.12/turn              (no ring)
                                (no ring)
                                (no ring)

@: very slightly contaminated
A: almost no armour, stealthy swim, amphibious, 8 rings, constrict 8, camouflage
1, gelatinous body 1
a: Renounce Religion, Evoke Flight


You were on level 4 of the Dungeon.
You worshipped Elyvilon.
Elyvilon was noncommittal.
You were hungry.

You visited 1 branch of the dungeon, and saw 4 of its levels.

You collected 186 gold pieces.

Inventory:

Missiles
 o - 46 poisoned darts (quivered)
Jewellery
 q - a ring of wizardry (left tentacle)
 t - a ring of flight (right tentacle)
Wands
 c - a wand of digging (1)
Scrolls
 d - a scroll of amnesia
 f - 2 scrolls of fog {unknown}
 g - 3 scrolls of teleportation
 j - a scroll of enchant weapon {unknown}
 k - 2 scrolls of magic mapping
 n - 2 scrolls of remove curse {unknown}
 u - a scroll of blinking {unknown}
Potions
 a - a potion of might {unknown}
 e - a potion of invisibility {unknown}
 h - a potion of ambrosia {unknown}
 i - a potion of lignification {unknown}
 l - 3 potions of cancellation {unknown}
 m - 3 potions of curing {unknown}
 p - a potion of heal wounds {unknown}
 r - a potion of mutation {unknown}
 s - a potion of flight {unknown}
Comestibles
 b - 12 rations


   Skills:
 + Level 1.6 Fighting
 + Level 2.8 Dodging
 + Level 3.7 Stealth
 * Level 2.5 Unarmed Combat
 * Level 3.1 Spellcasting
 - Level 1.0 Conjurations
 * Level 4.1 Air Magic
 + Level 1.0 Invocations
 + Level 0.0 Evocations


You had 3 spell levels left.
You knew the following spells:

 Your Spells              Type           Power        Failure   Level  Hunger
a - Airstrike             Air            ###.......   11%         4    ####...
d - Static Discharge      Conj/Air       ##......     6%          3    ###....
s - Shock                 Conj/Air       ##..         2%          1    None

Your spell library contained the following spells:

 Spells                   Type           Power        Failure   Level  Hunger
 Swiftness                Chrm/Air       ##......     4%          2    ##.....
 Lightning Bolt           Conj/Air       ##........   47%         5    ######.


Dungeon Overview and Level Annotations

Branches:
Dungeon (4/15)
 Temple: D:4-7

Altars:
Elyvilon
Yredelemnul


Innate Abilities, Weirdness & Mutations

You cannot wear most types of armour.
You are very stealthy in the water. (Stealth+)
You are amphibious.
You can wear up to eight rings at the same time.
You can use your tentacles to constrict eight enemies at once.
Your skin changes colour to match your surroundings (Stealth+).
Your rubbery body absorbs attacks. (AC +1, EV +1)


Message History

The air twists around and strikes the centaur!
The centaur is heavily wounded.
The centaur wields a +0 shortbow.
The centaur shoots an arrow.
The arrow hits you!
Unknown command.
Casting: Airstrike (quite dangerous; 11% risk of failure)
Confirm with . or Enter, or press ? or * to list all spells.
The spell is quite dangerous to cast (11% risk of failure)!
Continue anyway?
Aiming: Airstrike (quite dangerous; 11% risk of failure)
Press: ? - help, Dir - move target cursor, f/p - centaur
Aim: a centaur, wielding a +0 shortbow and quivering 19 arrows (heavily wounded)
You miscast Airstrike.
You are very lightly contaminated with residual magic.
Sparks of electricity dance around you!
The centaur shoots an arrow.
The arrow hits you!
* * * LOW HITPOINT WARNING * * *
The centaur shoots an arrow.
The arrow hits you!
* * * LOW HITPOINT WARNING * * *
The centaur shoots an arrow.
The arrow hits you.
You die...

.......#.......#.#
.................#
##.....#.......#.#
.........>.....# ...
#.......#.#
..........########
#.#.#.#.#.........
#.#....<..........
##.......@.........
#..............(.....
###########..(.......
#.....c....
#..........
#..........
###########


You could see a centaur.

Vanquished Creatures
  An ogre (D:4)
  A bullfrog skeleton (D:4)
  An orc wizard (D:4)
  4 gnolls (D:4)
  4 adders
  An ooze (D:4)
  An adder skeleton (D:4)
  A worm (D:2)
  A dart slug (D:3)
  3 orcs (D:4)
  5 bats
  3 giant cockroaches
  7 goblins
  10 hobgoblins
  2 jackals (D:3)
  A quokka (D:4)
  2 frilled lizards
  4 kobolds
  2 rats (D:1)
54 creatures vanquished.

Vanquished Creatures (others)
  4 toadstools (D:1)
4 creatures vanquished.

Grand Total: 58 creatures vanquished

Notes
Turn   | Place    | Note
-------+----------+-------------------------------------------
     0 | D:1      | Bvern the Octopode Air Elementalist began the quest for the
                  | Orb.
     0 | D:1      | Reached XP level 1. HP: 11/11 MP: 3/3
   390 | D:1      | Reached XP level 2. HP: 17/17 MP: 3/5
  1385 | D:2      | Reached skill level 1 in Unarmed Combat
  1385 | D:2      | Reached XP level 3. HP: 22/22 MP: 4/6
  1390 | D:2      | Learned a level 3 spell: Static Discharge
  2227 | D:3      | You fall into a shaft and drop 1 floor!
  2258 | D:4      | Reached XP level 4. HP: 20/27 MP: 3/7
  2310 | D:4      | Reached skill level 1 in Fighting
  2317 | D:4      | Learned a level 4 spell: Airstrike
  2550 | D:3      | Found a white marble altar of Elyvilon.
  2693 | D:3      | Became a worshipper of Elyvilon the Healer
  2744 | D:3      | Found a basalt altar of Yredelemnul.
  2913 | D:3      | Reached XP level 5. HP: 33/33 MP: 3/9
  3592 | D:4      | Noticed an ogre
  3725 | D:4      | Killed an ogre
  3725 | D:4      | Reached skill level 4 in Air Magic
  3725 | D:4      | Reached skill level 1 in Invocations
  3725 | D:4      | Reached XP level 6. HP: 20/38 MP: 1/10
  4050 | D:4      | HP: 1/38 [centaur/arrow (8)]
  4050 | D:4      | Shot with an arrow by a centaur

Illustrated notes

Levels and vault maps discovered:
D:1:      ldierk_walled_garden_2, layout_basic, minmay_tromino_i2
D:2:      layout_rooms, first_ration
D:3:      layout_rooms, kennysheep_ying_yang
D:4:      layout_basic, st_stairs_4

Skill      XL: |  1  2  3  4  5 |
---------------+----------------+-----
Unarmed Combat | 1 2 |  2.5
Stealth        | 3 |  3.7
Fighting       | 1 |  1.6
Spellcasting   | 3 |  3.1
Air Magic      | 4 |  4.1
Invocations    | 1 |  1.0
Dodging        | |  2.8
Conjurations   | |  1.0

Action                   |  1- 3 |  4- 6 || total
-------------------------+-------+-------++-------
Melee: Unarmed           |    50 |     3 ||    53
       Constrict         |    17 |     1 ||    18
       Tentacles         |     7 |       ||     7
Throw: Dart              |     3 |       ||     3
 Cast: Shock             |    42 |    65 ||   107
       Airstrike         |       |     4 ||     4
  Use: Scroll            |     5 |       ||     5
 Stab: Sleeping          |     7 |       ||     7
       Distracted        |       |     1 ||     1
  Eat: Chunk             |     4 |     6 ||    10
Armor: Skin              |     9 |       ||     9
Dodge: Dodged            |    48 |    12 ||    60
